 Dungeon Crawl Stone Soup version 0.21.1-1-g345015fe64 (webtiles) character file.

1118214 RepoMan the Ninja (level 27, -6/177 HPs)
             Began as a Vine Stalker Assassin on Apr 30, 2018.
             Was the Champion of Wu Jian.
             Mangled by an infernal warmonger
             ... wielding a +2 battleaxe of freezing
              (16 damage)
             ... on level 14 of a ziggurat on May 25, 2018.
             The game lasted 17:37:28 (78592 turns).

RepoMan the Ninja (Vine Stalker Assassin)          Turns: 78592, Time: 17:37:28

Health: -6/177     AC: 22    Str: 33    XL:     27
Magic:  0/50       EV: 39    Int: 22    God:    Wu Jian [******]
Gold:   16237      SH: 18    Dex: 39    Spells: 13/70 levels left

rFire    . . .     SeeInvis +   a - +12 short sword of the Skies Above {speed, Str+4 Int+4}
rCold    + . .     Gourm    .   O - +0 shield of Vanity {rElec rPois Dex+4}
rNeg     + + +     Faith    .   w - +5 acid dragon scales of the Pit {Regen+ rCorr Str+4 Dex+4}
rPois    +         Spirit   +   m - +2 helmet {Int+3}
rElec    +         Reflect  .   t - +2 cloak of the Thief {+Fog Slay-2 SInv Stlth+}
rCorr    +         Harm     .   c - +1 pair of gloves of Coasuo {rC+ rN+ Str+4}
MR       +++++                  n - +2 pair of boots {run}
Stlth    +++++.....             P - amulet of Zyijeo {+Fly rN+ MR+ Regen+}
HPRegen  1.99/turn              W - ring of Secrets {MR+ Int+4 Dex+4}
MPRegen  0.32/turn              R - ring of positive energy

@: mighty, very slightly contaminated, glowing, studying Spellcasting, heavenly
storm, quick
A: fangs 3, regeneration 2, robust 1, magic shield, antimagic bite, no potion
heal 3, rot immunity
}: 11/15 runes: barnacled, slimy, silver, golden, iron, obsidian, icy, bone,
abyssal, fiery, gossamer
a: Wall Jump, Serpent's Lash, Heavenly Storm, Renounce Religion, Evoke Fog,
Evoke Flight


You were on level 14 of a ziggurat.
You worshipped Wu Jian.
Wu Jian was exalted by your worship.
You were not hungry.

You visited 17 branches of the dungeon, and saw 85 of its levels.
You visited Pandemonium 1 time, and saw 4 of its levels.
You visited the Abyss 1 time.
You visited 1 ziggurat, and saw 14 of its levels.
You also visited: Labyrinth, Trove, Sewer, Volcano and Wizlab.

You collected 18525 gold pieces.
You spent 2288 gold pieces at shops.

Inventory:

Hand Weapons
 a - the +12 short sword of the Skies Above (weapon) {speed, Str+4 Int+4}
   (You found it on level 5 of the Pits of Slime)

   Attacks with this weapon are significantly faster.
   It affects your strength (+4).
   It affects your intelligence (+4).
 b - a +9 blowgun
 f - the +3 rapier of Ruxogh {holy, rF++ Dex+2}
   (You found it on level 5 of the Vaults)

   It has been blessed by the Shining One to cause great damage to the undead
   and demons.
   It affects your dexterity (+2).
   It greatly protects you from fire.
Missiles
 x - 12 curare-tipped needles
 H - a throwing net (quivered)
Armour
 c - the +1 pair of gloves of Coasuo (worn) {rC+ rN+ Str+4}
   (You acquired it on level 15 of the Dungeon)

   It affects your strength (+4).
   It protects you from cold.
   It protects you from negative energy.
 m - a +2 helmet of intelligence (worn)
 n - a +2 pair of boots of running (worn)
 t - the +2 cloak of the Thief (worn) {+Fog Slay-2 SInv Stlth+}
   (You found it on level 3 of the Crypt)

   It affects your accuracy and damage with ranged weapons and melee attacks
   (-2).
   It lets you see invisible.
   It makes you more stealthy.
 w - the +5 acid dragon scales of the Pit (worn) {Regen+ rCorr Str+4 Dex+4}
   (You took it off a deep elf high priest on level 3 of the Elven Halls)

   It affects your strength (+4).
   It affects your dexterity (+4).
   It increases your rate of regeneration.
   It protects you from acid and corrosion.
 O - the +0 shield of Vanity (worn) {rElec rPois Dex+4}
   (You found it on level 4 of the Vaults)

   It affects your dexterity (+4).
   It insulates you from electricity.
   It protects you from poison.
Jewellery
 p - an uncursed ring of protection from cold
 q - an uncursed ring of protection from fire
 s - an uncursed ring of stealth
 P - the amulet of Zyijeo (around neck) {+Fly rN+ MR+ Regen+}
   (You found it on level 3 of the Tomb of the Ancients)

   [amulet of regeneration]

   It protects you from negative energy.
   It affects your resistance to hostile enchantments.
   It lets you fly.
   It increases your rate of regeneration.
 R - a ring of positive energy (right hand)
 W - the ring of Secrets (left hand) {MR+ Int+4 Dex+4}
   (You found it on level 5 of the Vaults)

   [ring of intelligence]

   It affects your intelligence (+4).
   It affects your dexterity (+4).
   It affects your resistance to hostile enchantments.
Wands
 J - a wand of scattershot (17)
 L - a wand of acid (41)
 U - a wand of clouds (10)
 X - a wand of iceblast (40)
 Y - a wand of digging (38)
Scrolls
 i - 3 scrolls of identify
 j - 27 scrolls of remove curse
 r - 6 scrolls of magic mapping
 z - 5 scrolls of blinking
 D - 26 scrolls of teleportation
 E - 4 scrolls of holy word
 G - a scroll of acquirement
 K - 3 scrolls of vulnerability
Potions
 e - 6 potions of berserk rage
 l - 22 potions of curing
 o - 2 potions of haste
 u - 3 potions of flight
 A - 3 potions of ambrosia
 B - 2 potions of might
 C - 6 potions of resistance
 I - 4 potions of magic
 V - a potion of mutation
 Z - 3 potions of cancellation
Books
 v - a manual of Spellcasting
 y - the Compendium of Enhancements and Shape Shifting
   (You found it on level 8 of a ziggurat)

   Spells                             Type                      Level
   a - Song of Slaying                Charms                       2
   b - Swiftness                      Charms/Air                   2
   c - Excruciating Wounds            Charms/Necromancy            5
   d - Irradiate                      Conjuration/Transmutation    5
   e - Deflect Missiles               Charms/Air                   6
 M - a book of Power

   Spells                             Type                      Level
   a - Iskenderun's Battlesphere      Conjuration/Charms           5
   b - Venom Bolt                     Conjuration/Poison           5
   c - Bolt of Magma                  Conjuration/Fire/Earth       5
   d - Iron Shot                      Conjuration/Earth            6
   e - Orb of Destruction             Conjuration                  7
   f - Spellforged Servitor           Conjuration/Summoning        7
 N - a Necronomicon

   Spells                             Type                      Level
   a - Haunt                          Necromancy/Summoning         7
   b - Borgnjor's Revivification      Necromancy                   8
   c - Death's Door                   Charms/Necromancy            8
   d - Infestation                    Necromancy                   8
   e - Necromutation                  Transmutation/Necromancy     8
 Q - the Incunabulum of the Floating Voyage
   (You found it in Pandemonium)

   Spells                             Type                      Level
   a - Shock                          Conjuration/Air              1
   b - Lightning Bolt                 Conjuration/Air              5
   c - Dispersal                      Translocation                6
   d - Controlled Blink               Translocation                8
Miscellaneous
 h - a phial of floods
 S - a figurine of a ziggurat
Comestibles
 d - 3 chunks of flesh
 g - 75 rations


   Skills:
 + Level 21.8 Fighting
 * Level 25.3 Short Blades
 - Level 1.7 Throwing
 - Level 1.1 Armour
 * Level 23.6 Dodging
 O Level 27 Stealth
 + Level 16.4 Shields
 - Level 2.0 Unarmed Combat
 * Level 22.1 Spellcasting
 - Level 2.0 Conjurations
 - Level 14.0 Hexes
 - Level 4.6 Charms
 - Level 2.5 Necromancy
 - Level 5.4 Translocations
 - Level 2.4 Poison Magic
 + Level 15.4 Evocations


You had 13 spell levels left.
You knew the following spells:

 Your Spells              Type           Power        Failure   Level  Hunger
a - Poisonous Vapours     Pois/Air       ####..       1%          2    None
b - Blink                 Tloc           N/A          1%          2    None
c - Confuse               Hex            ######..     1%          3    None
d - Dazzling Spray        Conj/Hex       ######       1%          3    None
e - Metabolic Englaciati  Hex/Ice        ######....   3%          5    None
f - Cause Fear            Hex            ######....   1%          4    None
g - Apportation           Tloc           #####.       1%          1    None
h - Regeneration          Chrm/Necr      #####.....   1%          3    None
i - Invisibility          Hex            ######..     1%          6    ###....
j - Ensorcelled Hibernat  Hex/Ice        ######       1%          2    None
k - Tukima's Dance        Hex            ######..     1%          3    None
m - Mephitic Cloud        Conj/Pois/Air  ####....     3%          3    None
o - Darkness              Hex            ######....   1%          6    ###....
p - Portal Projectile     Hex/Tloc       ######       1%          3    None
q - Swiftness             Chrm/Air       ####....     1%          2    None
s - Silence               Hex/Air        ######....   3%          5    None
t - Confusing Touch       Hex            ######       0%          1    None
v - Vampiric Draining     Necr           #####.....   2%          3    None


Dungeon Overview and Level Annotations

Branches:
Dungeon (15/15)            Temple (1/1) D:7            Lair (6/6) D:11
 Shoals (4/4) Lair:3       Spider (4/4) Lair:3        Slime (5/5) Lair:6
    Orc (2/2) D:9             Elf (3/3) Orc:2        Vaults (5/5) D:13
  Crypt (3/3) Vaults:3       Tomb (3/3) Crypt:3      Depths (5/5) D:15
   Hell (1/1)                 Dis (7/7) Hell            Geh (7/7) Hell
    Coc (7/7) Hell            Tar (7/7) Hell            Zot (0/5) Depths:5

Altars:
Cheibriados
Dithmenos
Elyvilon
Kikubaaqudgha
Nemelex Xobeh
Okawaru
Qazlal
Ru
Trog
Wu Jian
Yredelemnul
Zin
The Shining One
Beogh
Jiyva

Shops:
D:9 [?   Orc:2 *=*(   Elf:1 (   Elf:2 %   Shoals:2 [?([   Vaults:2 :::(%
Vaults:3 !   Depths:3 %   Depths:4 !

Portals:
Hell: Depths:1 Depths:2 Depths:3 Depths:4 Depths:5
Pandemonium: Depths:3

Annotations:
Slime:5 exclusion: 2 upstairs
Elf:2 3 runed doors, exclusion: 3 doors


Innate Abilities, Weirdness & Mutations

You have razor-sharp teeth.
You heal very quickly.
When hurt, damage is shared between your health and your magic reserves.
Your bite disrupts and absorbs the magic of your enemies.
Potions cannot restore your health.
You are immune to rotting.
You are robust. (+10% HP)


Message History

The large abomination is moderately damaged.
You impale the large abomination!!
You destroy the large abomination!
The Council accepts your kill.
You spin and attack the sun demon repeatedly.
You impale the sun demon!!
You kill the sun demon!
The Council accepts your kill.
Unknown command.
Casting: Regeneration
Confirm with . or Enter, or press ? or * to list all spells.
You blink.
The Hell Sentinel gestures at you.
The sphere of damnation explodes!
The damnation engulfs you!
* * * LOW HITPOINT WARNING * * *
Unknown command.
As you read the scroll of summoning, it crumbles to dust.
Wisps of shadow whirl around you...
The infernal warmonger hits you with a battleaxe of freezing!!
You die...

▓▓ ▓▓▓▓▓▓.▓▓▓▓
▓▓▓..........
▓▓............
▓▓▓.............
▓...§§462§§...........
▓▓..§§§§§§§§...........▓▓
▓▓...§§§§§@§2............▓▓
▓....§§§§1166.............▓
▓....§§§§§##§..##.........▓
▓})[.§§§§§#.....#.........▓
▓|∩)).....................▓
.=>:=.....1&............∩..
▓)∩)$.......1.....§§......▓
▓($$......#.2X..#.§§......▓
▓.........##.31##§§§......▓


You could see a Hell Sentinel, an Ice Fiend, an infernal warmonger, a friendly
monstrous demonspawn, a friendly balrug, a friendly infernal black sun, a
friendly shadow demon and a friendly ice devil.

Vanquished Creatures
  Cerebov (Pan)
  Asmodeus (Geh:7)
  Ereshkigal (Tar:7)
  the Royal Jelly (Slime:5)
  the Serpent of Hell (Dis:7)
  Dispater (Dis:7)
  Khufu (Tomb:3)
  8 ancient liches
  Mara (Spider:4)
  A juggernaut (Depths:4)
  Mennas (Crypt:2)
  The ghost of Name63 the Stickfighter, a legendary GnNe of Cheibriados (Tomb:1)
  25 greater mummies
  Sojobo (Depths:3)
  Bai Suzhen (Depths:3)
  3 shard shrikes (Coc:7)
  A Killer Klown (Zig:7)
  Geryon (Hell)
  7 golden dragons
  8 doom hounds
  8 bone dragons
  the Enchantress (Depths:3)
  23 Tzitzimimeh
  Arachne (Spider:2)
  22 Brimstone Fiends
  6 iron giants (Dis:7)
  5 Hell Sentinels (Dis:7)
  3 tentacled monstrosities
  9 liches
  12 Ice Fiends
  Asterion (Spider:3)
  5 titans
  A deep elf blademaster (Elf:3)
  3 pandemonium lords
  A deep elf master archer (Elf:3)
  3 quicksilver dragons
  Polyphemus (Shoals:3)
  5 tentacled starspawn
  Murray (Depths:2)
  12 sphinxes
  18 acid blobs
  3 eldritch tentacles
  An Executioner (Pan)
  A kraken (Shoals:4)
  2 storm dragons
  8 shadow dragons
  13 ancient champions
  8 tengu reavers
  13 azure jellies
  A daeva (Zig:14)
  12 nagarajas
  14 fire giants
  5 revenants
  6 frost giants
  A draconian knight (Depths:5)
  3 blood saints
  24 balrugs
  2 caustic shrike zombies (Hell)
  A draconian scorcher (Depths:5)
  Ilsuiw (Shoals:4)
  3 curse skulls
  19 vault wardens
  A ghost moth (Spider:4)
  8 cacodemons
  8 deep elf sorcerers
  Aizul (Elf:3)
  A warmonger (Pan)
  6 iron dragons
  6 deep elf elementalists
  2 orc warlords
  5 emperor scorpions
  5 spriggan defenders
  7 ghouls
  2 war gargoyles
  2 draconian shifters
  2 elemental wellsprings (Coc:7)
  2 juggernaut skeletons (Depths:3)
  75 reapers
  12 ironheart preservers
  26 stone giants
  2 caustic shrike skeletons (Depths:3)
  3 starcursed masses
  The ghost of Jannitor the Fighter, a journeyman HOCK of Xom (D:13)
  A black draconian (Vaults:4)
  17 very ugly things
  4 deep elf demonologists
  A black sun (Zig:14)
  A corrupter (Pan)
  4 deep elf annihilators
  2 entropy weavers (Spider:2)
  10 vampire knights
  3 ophanim (Abyss:3)
  6 bennus (Tomb:3)
  2 lorocyprocas
  A dire elephant (shapeshifter) (Zig:7)
  Azrael (Spider:2)
  2 dire elephants
  2 red draconians (Depths:5)
  6 spark wasps
  2 purple draconians (Depths:5)
  12 ettins
  11 merfolk javelineers
  13 blizzard demons
  14 eidola
  The ghost of Tegun the Severer, a journeyman DrSk (Lair:3)
  15 merfolk impalers
  4 death oozes
  6 quicksilver dragon zombies
  5 green deaths
  11 deep elf death magi
  3 kraken zombies
  2 spectral krakens (Tar:7)
  A minotaur (Lab)
  10 great orbs of eyes
  13 jiangshi
  8 fire dragons
  13 yaktaur captains
  2 crystal guardians (Abyss:5)
  33 mummy priests
  10 deep elf high priests
  6 rakshasas
  2 hell beasts
  5 quicksilver dragon skeletons
  19 ice dragons
  A spriggan air mage (Depths:3)
  8 hydras
  A great orb of eyes (shapeshifter) (Abyss:5)
  A monstrous demonspawn (Pan)
  2 alligator snapping turtles
  4 naga warriors
  3 anacondas (Zig:13)
  Erica (Lair:1)
  3 merfolk avatars
  A ghost crab (Tar:6)
  3 death knights
  43 vault guards
  2 merfolk aquamancers (Shoals:4)
  10 ogre magi
  12 dancing weapons
  A catoblepas (Shoals:3)
  An anaconda (shapeshifter) (Zig:7)
  6 centaur warriors
  14 hell hogs
  49 two-headed ogres
  43 death scarabs
  9 deep troll shamans
  3 tengu warriors
  3 shock serpents
  11 vampire magi
  6 deep troll earth magi
  7 thrashing horrors
  3 death yaks (Shoals:3)
  10 orc high priests
  A shock serpent (shapeshifter) (WizLab)
  7 spriggan berserkers
  37 soul eaters
  2 storm dragon zombies
  4 iron golems
  4 naga sharpshooters (Zig:13)
  2 titan zombies
  13 deep elf knights
  37 sun demons
  4 wretched stars
  2 fire crabs (shapeshifter)
  A spatial maelstrom (Abyss:5)
  5 titan skeletons
  5 sixfirhies
  32 hell knights
  106 skeletal warriors
  6 golden dragon zombies
  A ghost moth zombie (Tar:7)
  13 sea snakes
  2 death drakes
  7 shadow wraiths
  10 anaconda zombies
  18 iron trolls
  9 wizards
  2 infernal demonspawn (Pan)
  7 storm dragon skeletons
  13 flayed ghosts
  13 unseen horrors
  A salamander mystic (Zig:13)
  29 deep trolls
  17 shadow demons (Tar:7)
  19 deep elf archers
  An unseen horror (shapeshifter) (WizLab)
  3 glowing orange brains
  3 swamp dragons (Zig:8)
  A torturous demonspawn (Pan)
  A spark wasp zombie (Hell)
  10 wolf spider zombies
  9 golden dragon skeletons
  An obsidian statue (Zig:7)
  12 phantasmal warriors
  A shambling mangrove (Abyss:3)
  4 anaconda skeletons
  10 ironbrand convokers
  2 naga ritualists (Zig:10)
  6 shadow dragon zombies
  6 shadow dragon skeletons
  5 spectral wolf spiders (Spider:4)
  13 harpies
  12 stone giant zombies
  2 orc sorcerers
  20 orb spiders
  3 salamanders
  15 orc knights
  20 necromancers
  A wolf spider (shapeshifter) (Abyss:5)
  13 fire giant zombies
  5 iron dragon zombies
  A manticore (shapeshifter) (WizLab)
  10 shining eyes
  2 shining eyes (shapeshifter)
  66 deep elf magi
  25 wolf spiders
  9 manticores
  A faun (shapeshifter) (Vaults:3)
  6 tengu skeletons
  8 cyclopes
  6 iron dragon skeletons
  72 ugly things
  A cyclops (shapeshifter) (Zig:7)
  A salamander (shapeshifter) (Vaults:5)
  A sphinx skeleton (Depths:3)
  6 worldbinders (Abyss:3)
  3 fire giant skeletons
  7 frost giant skeletons
  12 frost giant zombies
  8 fauns (Shoals:1)
  A moth of wrath (shapeshifter) (Vaults:5)
  3 elephants (Lair:6)
  2 shock serpent zombies (Geh:7)
  A water nymph (shapeshifter) (WizLab)
  2 moths of wrath
  5 toenail golems (Volcano)
  8 merfolk sirens
  A guardian serpent (shapeshifter) (Abyss:5)
  2 guardian serpents
  3 human skeletons (Vaults:2)
  17 smoke demons
  3 eyes of devastation
  A titan simulacrum (Depths:2)
  4 naga magi
  21 rust devils
  2 ice statues
  4 stone giant skeletons
  5 dire elephant zombies
  7 water nymphs
  3 apocalypse crabs (Zig:7)
  12 black mambas
  10 molten gargoyles
  14 vault sentinels
  A torpor snail (shapeshifter) (Depths:4)
  9 orange demons (Pan)
  A torpor snail (Lair:6)
  An elephant slug zombie (Crypt:1)
  26 spiny frogs
  2 spiny frogs (shapeshifter)
  A shock serpent skeleton (Crypt:3)
  3 gargoyles
  4 human zombies
  A black draconian zombie (Crypt:1)
  6 spectral swamp worms (Tar:7)
  A spectral redback (Spider:4)
  2 catoblepas zombies
  7 komodo dragons
  4 dire elephant skeletons
  24 hellions
  2 rime drakes
  47 yaktaurs
  An emperor scorpion zombie (Dis:7)
  A kobold demonologist (D:12)
  40 tormentors
  2 yaktaurs (shapeshifter) (WizLab)
  14 demonic crawlers
  A rime drake (shapeshifter) (WizLab)
  15 efreet
  4 komodo dragons (shapeshifter)
  20 freezing wraiths
  2 elves (WizLab)
  2 redback zombies (Spider:4)
  46 guardian mummies
  A silent spectre (Tar:3)
  A white draconian skeleton (Crypt:3)
  11 hydra zombies
  35 ice devils
  14 hellwings
  2 catoblepas skeletons
  30 red devils
  2 tengu conjurers
  2 queen bees
  2 meliai (shapeshifter)
  2 wind drakes (shapeshifter) (WizLab)
  38 jumping spiders
  6 trolls
  3 ancient zymes
  30 merfolk
  A polar bear (shapeshifter) (WizLab)
  4 wind drakes
  A troll (shapeshifter) (WizLab)
  3 polar bears
  A harpy zombie (Coc:7)
  A merfolk (shapeshifter) (Vaults:5)
  4 spectral tarantellas (Spider:4)
  A tengu simulacrum (Vaults:2)
  A hornet (shapeshifter) (WizLab)
  17 hornets
  4 tyrant leeches (Lair:6)
  Prince Ribbit (Lair:2)
  12 bog bodies
  2 tarantella zombies (Spider:4)
  4 spectral jumping spiders (Spider:4)
  A sphinx simulacrum (Depths:2)
  48 slime creatures
  A slime creature (shapeshifter) (Vaults:5)
  12 snapping turtles
  2 jumping spider zombies (Spider:4)
  5 raiju
  5 fire dragon zombies
  7 hydra skeletons
  A raiju (shapeshifter) (Elf:1)
  8 ice dragon zombies
  A frost giant simulacrum (Hell)
  22 blink frogs
  7 ettin zombies
  A dream sheep (shapeshifter) (Vaults:5)
  A spriggan zombie (Hell)
  10 hippogriffs
  5 ice dragon skeletons
  2 dream sheep (Lair:6)
  8 alligator zombies
  An air elemental (Elf:1)
  A shock serpent simulacrum (Coc:7)
  67 redbacks
  3 black mamba zombies
  3 alligator skeletons
  76 flying skulls
  17 large abominations
  A tarantella (shapeshifter) (WizLab)
  8 spriggans
  46 wraiths
  10 ynoxinuls
  5 fire dragon skeletons
  14 shadows
  4 wyverns
  A satyr skeleton (Crypt:1)
  21 ushabtiu
  26 water elementals
  A hog (Lair:4)
  2 fire bats (Abyss:3)
  30 tarantellas
  4 humans
  2 yaks (shapeshifter)
  A hog (shapeshifter) (WizLab)
  An elf zombie (Hell)
  4 basilisks
  17 yaks
  3 ettin skeletons
  6 golden eyes
  7 chaos spawn
  18 small abominations
  24 fire elementals
  A golden eye (shapeshifter) (WizLab)
  17 vampire mosquitoes
  12 hungry ghosts
  7 neqoxecs
  A swamp worm (shapeshifter) (Vaults:5)
  A two-headed ogre zombie (Crypt:1)
  4 elf skeletons
  A torturous demonspawn zombie (Crypt:2)
  9 wargs
  An insubstantial wisp (Zig:8)
  A spatial vortex (Abyss:3)
  A monstrous demonspawn zombie (Coc:7)
  3 nagas (Zig:10)
  A soldier ant (D:13)
  A tengu zombie (Depths:2)
  A soldier ant (shapeshifter) (WizLab)
  4 porcupines
  A gelid demonspawn skeleton (Geh:7)
  6 spiny frog zombies
  75 hell hounds
  4 hydra simulacra
  15 water moccasins
  A floating eye (shapeshifter) (WizLab)
  4 floating eyes (WizLab)
  3 black bears (shapeshifter) (WizLab)
  3 hornet zombies
  3 sky beasts
  4 snapping turtle zombies
  2 swamp dragon zombies
  4 ice beasts
  2 manticore zombies
  7 phantoms
  37 orc warriors
  4 spiny frog skeletons
  8 eyes of draining
  2 eyes of draining (shapeshifter) (WizLab)
  2 ettin simulacra
  37 ogres
  4 black bears
  22 necrophages
  3 snapping turtle skeletons
  15 wolves
  10 boggarts
  8 centaurs
  12 crocodiles
  3 big kobolds
  24 bullfrogs
  A yaktaur zombie (Hell)
  A gnoll sergeant (D:10)
  A yaktaur skeleton (Crypt:2)
  2 earth elementals
  A spiny frog simulacrum (Hell)
  A draconian skeleton (Crypt:1)
  A water moccasin zombie (D:6)
  A wyvern zombie (D:9)
  A glowing shapeshifter simulacrum (Vaults:2)
  A hippogriff skeleton (Crypt:1)
  9 scorpions
  A warg zombie (Crypt:2)
  9 wyvern skeletons (Crypt:3)
  A warg skeleton (Crypt:2)
  60 wights
  41 killer bees
  5 electric eels
  14 crimson imps
  A black bear zombie (Crypt:1)
  2 bullfrog zombies
  A quasit (D:8)
  3 bullfrog skeletons
  4 jellies
  4 centaur skeletons
  A human simulacrum (Vaults:2)
  34 orc priests
  6 hounds
  21 iron imps
  19 orc wizards
  6 iguanas
  A black bear skeleton (Crypt:2)
  9 worker ants
  A lightning spire (Zig:13)
  An acid dragon skeleton (Crypt:2)
  75 mummies
  A worker ant zombie (Crypt:1)
  15 adders
  12 river rats
  14 shadow imps
  5 white imps
  2 ufetubi
  2 oozes
  An adder skeleton (D:7)
  An adder zombie (D:10)
  3 worms
  2 dart slugs
  6 leopard geckos
  106 orcs
  8 bats
  3 giant cockroaches
  3 goblins
  8 hobgoblins
  12 jackals
  19 kobolds
  14 quokkas
  A ball python (D:5)
  5 frilled lizards
  2 jackal skeletons
  A kobold zombie (Tar:1)
  A quokka zombie (Crypt:2)
  24 rats
  A butterfly (Lair:3)
  3 crawling corpses (Vaults:5)
  2 fire vortices (Geh:7)
  A lurking horror (Abyss:5)
  7 starspawn tentacles (Abyss:5)
  5 tentacles
4172 creatures vanquished.

Vanquished Creatures (collateral kills)
  A mutant beast (WizLab)
  A very ugly thing (WizLab)
  An orc high priest (Orc:2)
  A large abomination (WizLab)
  2 orc priests (Orc:2)
  An orc wizard (Orc:2)
  4 orcs (Orc:2)
11 creatures vanquished.

Vanquished Creatures (others)
  Antaeus (Coc:7)
  A lich (Geh:7)
  A Hell Sentinel (Dis:7)
  An eldritch tentacle (Tar:1)
  A vampire knight (Zig:12)
  An alligator (Zig:8)
  10 death scarabs
  3 hell hogs (Geh:7)
  A sun demon (Hell)
  An anaconda zombie (Geh:7)
  A wolf spider (Spider:2)
  2 cyclopes
  A smoke demon (Geh:7)
  A molten gargoyle (Geh:7)
  A hellion (Geh:7)
  2 yaktaurs
  12 flying skulls
  A wraith (Geh:7)
  5 water elementals
  4 hydra simulacra (Depths:4)
  A hell hound (Dis:7)
  A necrophage (Geh:2)
  4 centaurs (Shoals:2)
  2 small abominations (Abyss:3)
  2 wights
  A crimson imp (D:10)
  An iron imp (Dis:7)
  A mummy (Tomb:2)
  A kobold (D:12)
  7 fungi
  A lurking horror (Abyss:5)
  60 plants
  6 starspawn tentacles (Abyss:5)
  23 tentacles
162 creatures vanquished.

Grand Total: 4345 creatures vanquished

Notes
Turn   | Place    | Note
-------+----------+-------------------------------------------
     0 | D:1      | RepoMan the Vine Stalker Assassin began the quest for the Orb.
     0 | D:1      | Reached XP level 1. HP: 11/11 MP: 2/2
   161 | D:1      | Reached skill level 5 in Stealth
   202 | D:1      | Reached XP level 2. HP: 15/15 MP: 3/3
   638 | D:1      | Reached XP level 3. HP: 15/18 MP: 4/4
  1648 | D:2      | Found a stormy altar of Qazlal.
  1823 | D:2      | You fall through a shaft!
  1933 | D:3      | Found a glowing drain.
  1934 | D:3      | Gained mutation: Your natural rate of healing is unusually fast. [Vine Stalker growth]
  1934 | D:3      | Reached XP level 4. HP: 23/23 MP: 5/5
  1942 | D:3      | Reached skill level 6 in Stealth
  1983 | Sewer    | Entered a sewer
  2030 | Sewer    | Noticed a big kobold
  2055 | Sewer    | Killed a big kobold
  2055 | Sewer    | Reached XP level 5. HP: 19/28 MP: 2/6
  2115 | Sewer    | Found a glowing silver altar of Zin.
  2706 | D:3      | Found a sparkling altar of Nemelex Xobeh.
  2853 | D:4      | Reached skill level 1 in Dodging
  2924 | D:4      | Reached skill level 7 in Stealth
  2924 | D:4      | Reached XP level 6. HP: 20/32 MP: 4/7
  3016 | D:4      | Noticed a phantom
  3036 | D:4      | Killed a phantom
  3220 | D:4      | Reached XP level 7. HP: 35/36 MP: 8/8
  3304 | D:4      | Reached skill level 8 in Stealth
  3489 | D:5      | Entered Level 5 of the Dungeon
  3512 | D:5      | Noticed a hungry ghost
  3536 | D:4      | Killed a hungry ghost
  3559 | D:5      | Found an ancient bone altar of Kikubaaqudgha.
  3559 | D:5      | Found a bloodstained altar of Trog.
  3710 | D:5      | Gained mutation: You have razor-sharp teeth. [Vine Stalker growth]
  3710 | D:5      | Reached XP level 8. HP: 29/42 MP: 6/9
  3780 | D:5      | Reached skill level 9 in Stealth
  3797 | D:5      | Found a basalt altar of Yredelemnul.
  4190 | D:6      | Reached skill level 10 in Stealth
  4561 | D:6      | Reached skill level 5 in Short Blades
  4697 | D:6      | Reached skill level 11 in Stealth
  4844 | D:6      | Reached XP level 9. HP: 33/45 MP: 10/10
  5477 | D:7      | Found an ornate altar of the Wu Jian Council.
  5480 | D:7      | Became a worshipper of the Wu Jian Council
  5931 | D:7      | Found a staircase to the Ecumenical Temple.
  5937 | Temple   | Entered the Ecumenical Temple
  5963 | D:7      | Reached skill level 12 in Stealth
  6494 | D:8      | Noticed a two-headed ogre
  6496 | D:8      | Killed a two-headed ogre
  6534 | D:8      | Noticed a queen bee
  6708 | D:8      | Reached skill level 13 in Stealth
  6760 | D:8      | Reached XP level 10. HP: 51/51 MP: 11/11
  6765 | D:8      | Reached skill level 5 in Fighting
  6812 | D:8      | Reached * piety under Wu Jian
  7488 | D:8      | Found a sacrificial altar of Ru.
  7683 | D:9      | Reached ** piety under Wu Jian
  7738 | D:9      | Found a glowing silver altar of Zin.
  7738 | D:9      | Found a glowing golden altar of the Shining One.
  7738 | D:9      | Found a shadowy altar of Dithmenos.
  7744 | D:9      | Found Izearamp's Magic Scroll Shop.
  7752 | D:9      | Bought a scroll of identify for 30 gold pieces
  7752 | D:9      | Bought a scroll of identify for 30 gold pieces
  7752 | D:9      | Bought a scroll of identify for 30 gold pieces
  7752 | D:9      | Bought a scroll of noise for 15 gold pieces
  7780 | D:9      | Found a runed door.
  7782 | D:9      | Noticed a sixfirhy
  7865 | D:9      | Reached skill level 14 in Stealth
  7879 | D:9      | Found a staircase to the Orcish Mines.
  7903 | D:9      | Found Esteseos's Armour Boutique.
  7924 | D:9      | Noticed a two-headed ogre
  7938 | D:9      | Killed a two-headed ogre
  7973 | D:9      | Bought a +2 pair of gloves of dexterity for 236 gold pieces
  8068 | D:9      | Noticed a two-headed ogre
  8121 | D:9      | Killed a two-headed ogre
  8121 | D:9      | Reached skill level 5 in Dodging
  8121 | D:9      | Reached XP level 11. HP: 56/56 MP: 12/12
  8281 | D:9      | Noticed a two-headed ogre
  8287 | D:9      | Killed a two-headed ogre
  8548 | D:10     | Entered Level 10 of the Dungeon
  8569 | Orc:1    | Entered Level 1 of the Orcish Mines
  8569 | Orc:1    | Found a roughly hewn altar of Beogh.
  8589 | Orc:1    | Reached *** piety under Wu Jian
  8667 | D:10     | Noticed an unseen horror
  8669 | D:10     | Reached skill level 15 in Stealth
  8681 | D:10     | Killed an unseen horror
  8689 | D:10     | Noticed a centaur warrior
  8690 | D:10     | Noticed an ettin
  8707 | D:10     | Killed a centaur warrior
  9158 | D:10     | Noticed a green ugly thing
  9182 | D:9      | Killed an ettin
  9219 | D:10     | Noticed an unseen horror
  9235 | D:10     | Killed a green ugly thing
  9246 | D:10     | Killed an unseen horror
  9256 | D:10     | Noticed a two-headed ogre
  9276 | D:10     | Killed a two-headed ogre
  9276 | D:10     | Reached skill level 16 in Stealth
  9322 | D:10     | Gained mutation: You heal very quickly. [Vine Stalker growth]
  9322 | D:10     | Reached XP level 12. HP: 53/63 MP: 9/13
  9402 | D:10     | Reached **** piety under Wu Jian
  9506 | D:10     | Identified the Catalogue of Hurtful Augmentations
  9719 | D:10     | Reached skill level 1 in Spellcasting
  9822 | D:10     | Paralysed by a hornet for 1 turns
  9873 | D:10     | Noticed a tengu warrior
  9893 | D:10     | Killed a tengu warrior
  9911 | D:10     | Learned a level 1 spell: Animate Skeleton
  9992 | D:10     | Reached skill level 1 in Necromancy
 10024 | D:10     | Found an iron altar of Okawaru.
 10402 | D:11     | Reached ***** piety under Wu Jian
 10484 | D:11     | Reached skill level 17 in Stealth
 10658 | D:11     | Noticed a two-headed ogre
 10663 | D:11     | Killed a two-headed ogre
 10798 | D:11     | Found a staircase to the Lair.
 10849 | Lair:1   | Entered Level 1 of the Lair of Beasts
 10861 | Lair:1   | Learned a level 3 spell: Vampiric Draining
 10865 | Lair:1   | Learned a level 3 spell: Regeneration
 10883 | Lair:1   | Learned a level 1 spell: Pain
 11370 | Lair:1   | Noticed Erica
 11541 | Lair:1   | Killed Erica
 11541 | Lair:1   | Reached skill level 1 in Charms
 11541 | Lair:1   | Reached XP level 13. HP: 67/69 MP: 17/19
 11910 | Lair:2   | Noticed Prince Ribbit
 11917 | Lair:2   | Killed Prince Ribbit
 12816 | Lair:3   | Noticed Tegun's ghost (journeyman DrSk)
 12866 | Lair:3   | Killed Tegun's ghost
 12924 | Lair:3   | Reached skill level 18 in Stealth
 13085 | Lair:3   | Found a hole to the Spider Nest.
 13395 | Lair:3   | Found a staircase to the Shoals.
 13680 | Lair:3   | Reached skill level 5 in Spellcasting
 13804 | Lair:4   | Found a dark tunnel.
 13810 | Volcano  | Entered a volcano
 13844 | Volcano  | Reached skill level 10 in Short Blades
 13934 | Volcano  | Reached XP level 14. HP: 75/75 MP: 23/23
 15016 | Lair:5   | Found a labyrinth entrance.
 15026 | Lab      | Entered a labyrinth
 15250 | Lab      | Identified Nopusif's Volume of Congealing Curses
 15292 | Lab      | Learned a level 3 spell: Dazzling Spray
 16175 | Lair:6   | Entered Level 6 of the Lair of Beasts
 16206 | Lair:6   | Reached skill level 19 in Stealth
 16240 | Lair:6   | Reached skill level 1 in Hexes
 16653 | Lair:6   | Found a staircase to the Slime Pits.
 16654 | Lair:6   | Found a viscous altar of Jiyva.
 17235 | Lair:6   | Got a faintly glowing plate armour
 17919 | Orc:1    | Reached ****** piety under Wu Jian
 17976 | Orc:2    | Entered Level 2 of the Orcish Mines
 18353 | Orc:2    | Reached skill level 10 in Fighting
 18378 | Orc:2    | Found Genice's Weapon Shoppe.
 18378 | Orc:2    | Found Okaidd's General Store.
 18538 | Orc:2    | Reached XP level 15. HP: 59/80 MP: 18/26
 18728 | Orc:2    | Found a roughly hewn altar of Beogh.
 18754 | Orc:2    | Found Xaskowk's Jewellery Shoppe.
 18754 | Orc:2    | Found Keraics's Assorted Antiques.
 18770 | Orc:2    | Bought a scroll of identify for 52 gold pieces
 19014 | Orc:2    | Found a staircase to the Elven Halls.
 19149 | Elf:1    | Entered Level 1 of the Elven Halls
 19307 | Elf:1    | Got a scorched golden ring
 19332 | Elf:1    | Reached skill level 20 in Stealth
 19675 | Elf:1    | Found Ving's Weapon Emporium.
 19704 | Elf:1    | Noticed a deep elf sorcerer
 19708 | Elf:1    | Killed a deep elf sorcerer
 20086 | Elf:1    | Identified the ring of Pyromania {*Tele MR+ Str+4 Int-4 Dex+4} (You took it off a deep elf mage on level 1 of the Elven Halls)
 20624 | Lair:2   | Learned a level 3 spell: Portal Projectile
 20629 | Lair:2   | Learned a level 4 spell: Cause Fear
 20763 | D:12     | Got a sheer robe
 20886 | D:12     | Learned a level 2 spell: Blink
 20890 | D:12     | Learned a level 3 spell: Mephitic Cloud
 21975 | D:13     | Reached skill level 1 in Shields
 21975 | D:13     | Reached skill level 1 in Conjurations
 21992 | D:13     | Reached skill level 1 in Translocations
 22054 | D:13     | Noticed Jannitor's ghost (journeyman HOCK)
 22078 | D:13     | Killed Jannitor's ghost
 22170 | D:13     | Learned a level 1 spell: Apportation
 22174 | D:13     | Learned a level 3 spell: Tukima's Dance
 22197 | D:13     | Identified the +2 robe of Dishonesty {rN++} (You found it on level 12 of the Dungeon)
 22303 | D:13     | Reached XP level 16. HP: 86/86 MP: 29/29
 22643 | D:13     | Got a dazzling war axe {holy}
 22648 | D:13     | Found a gate to the Vaults.
 23136 | D:14     | Learned a level 3 spell: Lesser Beckoning
 23246 | D:14     | Reached skill level 21 in Stealth
 23375 | D:14     | Learned a level 1 spell: Confusing Touch
 23559 | D:14     | Found a snail-covered altar of Cheibriados.
 23617 | D:14     | Found a glowing silver altar of Zin.
 24082 | D:14     | Reached skill level 1 in Unarmed Combat
 24400 | Lair:2   | Learned a level 2 spell: Poisonous Vapours
 24460 | Spider:1 | Entered Level 1 of the Spider Nest
 24847 | Spider:1 | Reached skill level 1 in Poison Magic
 25824 | Spider:2 | Noticed Arachne
 25833 | Spider:2 | Killed Arachne
 25833 | Spider:2 | Reached skill level 10 in Dodging
 25845 | Spider:2 | Noticed Azrael
 25847 | Spider:2 | Killed Azrael
 26145 | Spider:2 | Reached XP level 17. HP: 80/91 MP: 31/31
 26922 | Spider:3 | Noticed Asterion
 26924 | Spider:3 | Killed Asterion
 26950 | Spider:3 | Reached skill level 22 in Stealth
 27399 | Spider:4 | Entered Level 4 of the Spider Nest
 27728 | Spider:4 | Reached skill level 10 in Spellcasting
 28045 | Spider:4 | Noticed Mara
 28082 | Spider:4 | Killed Mara
 28560 | Spider:4 | Reached XP level 18. HP: 98/98 MP: 29/33
 28829 | Spider:4 | Got a gossamer rune of Zot
 28838 | Spider:4 | Got an iridescent mace
 29136 | Lair:2   | Identified the +5 mace of the Other Side {freeze, rPois rF++ MR+} (You found it on level 4 of the Spider Nest)
 29349 | D:15     | Entered Level 15 of the Dungeon
 29391 | D:15     | Found a white marble altar of Elyvilon.
 29528 | D:15     | Identified a scroll of acquirement
 29564 | D:15     | Got a pair of faintly humming gloves
 29575 | D:15     | Identified the +1 pair of gloves of Coasuo {rC+ rN+ Str+4} (You acquired it on level 15 of the Dungeon)
 29696 | D:15     | Found a staircase to the Depths.
 29743 | D:15     | Reached skill level 23 in Stealth
 30635 | Elf:2    | Found Leggepp's Food Boutique.
 30807 | Elf:2    | Found a runed gate.
 30809 | Elf:2    | Found a runed gate.
 30809 | Elf:2    | Found a runed gate.
 31054 | Elf:3    | Entered Level 3 of the Elven Halls
 31799 | Elf:3    | Noticed Aizul
 31805 | Elf:3    | Killed Aizul
 32026 | Elf:3    | Reached skill level 5 in Hexes
 32087 | Elf:3    | Noticed a Brimstone Fiend
 32176 | Elf:3    | Reached XP level 19. HP: 93/102 MP: 29/35
 32178 | Elf:3    | Got a pitted mace {speed}
 32191 | Elf:3    | Got a steaming jade ring
 32198 | Elf:3    | Identified the ring of Peoph {Wiz Int+2} (You took it off a deep elf annihilator on level 3 of the Elven Halls)
 32257 | Elf:3    | Got an ancient great sword {speed}
 32273 | Elf:3    | Got a twisted short sword {pain}
 32316 | Elf:3    | Identified the +4 short sword "Wewopoila" {pain, rF+ Str+2 Dex+5} (You took it off a deep elf elementalist on level 3 of the Elven Halls)
 32329 | Elf:3    | Identified the +6 great sword "Ugonodoher" {speed, rF+ SInv} (You took it off a deep elf high priest on level 3 of the Elven Halls)
 32406 | Elf:3    | Got faintly humming acid dragon scales
 32408 | Elf:3    | Got a wavering pewter ring
 32420 | Elf:3    | Identified the ring of Nahitusa {*Contam rPois rN+ MR+ MP+9} (You took it off a deep elf high priest on level 3 of the Elven Halls)
 32446 | Elf:3    | Identified the +5 acid dragon scales of the Pit {Regen+ rCorr Str+4 Dex+4} (You took it off a deep elf high priest on level 3 of the Elven Halls)
 32785 | Elf:3    | Got a steaming long sword
 32786 | Elf:3    | Identified the +5 long sword "Zyrchueqi" {slice, *Rage Fragile rC+ Str+9} (You found it on level 3 of the Elven Halls)
 33233 | Slime:1  | Entered Level 1 of the Pits of Slime
 33455 | Slime:5  | Entered Level 5 of the Pits of Slime
 33499 | Slime:5  | Reached skill level 1 in Armour
 33502 | Slime:5  | Reached skill level 24 in Stealth
 33580 | Slime:5  | Gained mutation: You are robust. (+10% HP) [a shining eye]
 33996 | Slime:5  | Found a viscous altar of Jiyva.
 34119 | Slime:5  | Noticed the Royal Jelly
 34186 | Slime:5  | Killed the Royal Jelly
 34186 | Slime:5  | Reached XP level 20. HP: 118/118 MP: 36/36
 34322 | Slime:4  | Reached skill level 25 in Stealth
 34652 | Slime:5  | Got a twisted short sword
 34688 | Slime:5  | Got a slimy rune of Zot
 34703 | Slime:5  | Got a shimmering scimitar
 34731 | Slime:5  | Got a faintly glowing short sword
 34741 | Slime:5  | Got a steaming turquoise ring
 34766 | Slime:5  | Got a shimmering leather armour
 35008 | Lair:2   | Identified the +2 leather armour "Wimenupp" {+Blink Str+2} (You found it on level 5 of the Pits of Slime)
 35163 | D:9      | Identified the ring of Liropupa {rC- Int+9 Dex+6 Stlth+} (You found it on level 5 of the Pits of Slime)
 35302 | Lair:2   | Identified the +12 short sword of the Skies Above {speed, Str+4 Int+4} (You found it on level 5 of the Pits of Slime)
 35303 | Lair:2   | Identified the +8 scimitar of Thoughtfulness {freeze, +Blink rF+} (You found it on level 5 of the Pits of Slime)
 35304 | Lair:2   | Identified the +10 short sword of Fivuefese {venom, Dex+3} (You found it on level 5 of the Pits of Slime)
 35338 | Lair:2   | Learned a level 5 spell: Silence
 35345 | Lair:2   | Learned a level 6 spell: Invisibility
 35516 | Vaults:1 | Entered Level 1 of the Vaults
 36744 | Vaults:2 | Reached skill level 26 in Stealth
 36866 | Vaults:2 | Found Boomacw's Food Emporium.
 37027 | Vaults:2 | Found Beakh's Book Shop.
 37116 | Vaults:2 | Found Zin Siod's Weapon Emporium.
 37156 | Vaults:2 | Found Oqosac's Book Boutique.
 37159 | Vaults:2 | Bought a book of Maledictions for 350 gold pieces
 37167 | Vaults:2 | Found Hywid's Book Boutique.
 37401 | Vaults:2 | Reached XP level 21. HP: 123/123 MP: 37/37
 37687 | Vaults:3 | Found Vaotidawau's Distillery.
 37694 | Vaults:3 | Reached skill level 27 in Stealth
 37702 | Vaults:3 | Bought a potion of agility for 72 gold pieces
 37702 | Vaults:3 | Bought a potion of agility for 72 gold pieces
 37702 | Vaults:3 | Bought a potion of flight for 54 gold pieces
 37702 | Vaults:3 | Bought a potion of curing for 54 gold pieces
 37702 | Vaults:3 | Bought a potion of flight for 54 gold pieces
 37821 | Vaults:3 | Reached skill level 15 in Short Blades
 37878 | Vaults:3 | Found a magical portal.
 37889 | WizLab   | Entered Cigotuvi's Fleshworks
 38181 | WizLab   | Paralysed by a floating eye for 2 turns
 38185 | WizLab   | Paralysed by a floating eye for 4 turns
 38258 | WizLab   | Got a heavily runed silver amulet
 38270 | WizLab   | Identified the amulet of Lieriabioc {+Rage Str+5 Slay+3} (You found it in a wizard's laboratory)
 38322 | WizLab   | Identified the Catalogue of Moulding
 38331 | WizLab   | Identified Cigotuvi's Almanac of Dark Changing
 39230 | Lair:2   | Learned a level 2 spell: Ensorcelled Hibernation
 39234 | Lair:2   | Learned a level 3 spell: Confuse
 40171 | Vaults:3 | Found a staircase to the Crypt.
 40213 | Vaults:3 | Got a warped war axe
 40270 | Vaults:3 | Reached skill level 10 in Hexes
 40694 | Vaults:4 | Reached XP level 22. HP: 117/130 MP: 39/39
 40844 | Vaults:4 | Got a garnet-encrusted scale mail
 41250 | Vaults:4 | Identified the +3 scale mail of Courage {Regen+} (You took it off an orc on level 4 of the Vaults)
 41744 | Vaults:4 | Got a twisted shield
 41745 | Vaults:4 | Identified the cursed +0 shield of Vanity {rElec rPois Dex+4} (You found it on level 4 of the Vaults)
 41845 | Vaults:4 | Got a scorched dagger
 41863 | Vaults:4 | Got a steaming ring mail
 42242 | Lair:2   | Identified the +5 dagger "Iczuotet" {pierce, +Rage +Inv rElec rF+} (You found it on level 4 of the Vaults)
 42262 | Lair:2   | Identified the +2 ring mail of Proximity {-Cast rF++ rC+ Dex-3} (You found it on level 4 of the Vaults)
 42591 | Depths:1 | Entered Level 1 of the Depths
 42816 | Depths:1 | Found a gateway to a ziggurat.
 43212 | Depths:1 | Found a gateway to Hell.
 43353 | Depths:1 | Reached skill level 5 in Shields
 43653 | Depths:2 | Reached XP level 23. HP: 136/136 MP: 41/41
 44379 | Depths:2 | Got a smoking glass ring
 44380 | Depths:2 | Identified the cursed ring of Zamnerph {+Fly rC- Dex+8 Slay-5} (You found it on level 2 of the Depths)
 44525 | Depths:3 | Noticed Bai Suzhen
 44528 | Depths:3 | Killed Bai Suzhen
 45114 | Depths:3 | Noticed Sojobo
 45147 | Depths:3 | Killed Sojobo
 45165 | Depths:3 | Noticed the Enchantress
 45170 | Depths:3 | Killed the Enchantress
 45173 | Depths:3 | Reached XP level 24. HP: 90/143 MP: 33/41
 45187 | Depths:3 | Got faerie dragon scales
 45235 | Depths:3 | Found a one-way gate leading to the halls of Pandemonium.
 45370 | Depths:3 | Found a portal to a secret trove of treasure.
 45731 | Lair:2   | Identified the +5 faerie dragon scales {rCorr SInv} (You took it off the Enchantress on level 3 of the Depths)
 46013 | Vaults:5 | Entered Level 5 of the Vaults
 46285 | Orc:2    | Bought an uncursed ring of fire for 375 gold pieces
 46285 | Orc:2    | Bought an uncursed ring of protection from magic for 375 gold pieces
 46285 | Orc:2    | Bought an uncursed ring of ice for 375 gold pieces
 46910 | Trove    | Entered a treasure trove
 46917 | Trove    | Got an ichor-stained flail
 46925 | Trove    | Got an encrusted rapier
 46931 | Trove    | Got an iridescent quick blade
 46933 | Trove    | Got an ichor-stained short sword
 46941 | Trove    | Got a translucent short sword
 46966 | Trove    | Identified the +5 short sword "Dragonbane" {flame, MR+ Int+4} (You found it in a treasure trove)
 46967 | Trove    | Identified the +2 short sword of Income {pierce, MR+ Str+2 Int+4} (You found it in a treasure trove)
 46968 | Trove    | Identified the +0 rapier "Ocosookk" {flame, rN+ MP+9 Int+5} (You found it in a treasure trove)
 46969 | Trove    | Identified the +3 quick blade of the Middle {freeze, +Rage} (You found it in a treasure trove)
 46970 | Trove    | Identified the +10 flail of an ossuary {crush, *Drain rElec rC+} (You found it in a treasure trove)
 47704 | Depths:3 | Found Immusos's Food Emporium.
 48226 | Depths:4 | Noticed a juggernaut
 48242 | Depths:4 | Killed a juggernaut
 48536 | Depths:4 | Found Gockela's Distillery.
 48786 | Depths:5 | Entered Level 5 of the Depths
 48979 | Depths:5 | Found a gate to the Realm of Zot.
 49763 | Depths:4 | Reached skill level 10 in Shields
 50049 | Crypt:1  | Entered Level 1 of the Crypt
 50305 | Crypt:1  | Reached skill level 15 in Fighting
 50403 | Crypt:1  | Reached XP level 25. HP: 148/148 MP: 42/42
 50608 | Crypt:1  | Got a dazzling hunting sling
 50776 | Crypt:1  | Identified the +6 hunting sling of Okawaru's Hope {flame, rElec rN+} (You found it on level 1 of the Crypt)
 51035 | Crypt:2  | Found a basalt altar of Yredelemnul.
 51170 | Crypt:2  | Noticed Mennas
 51175 | Crypt:2  | Killed Mennas
 52023 | Crypt:3  | Entered Level 3 of the Crypt
 52246 | Crypt:3  | Found the +2 cloak of the Thief {+Fog Slay-2 SInv Stlth+}
 52665 | Crypt:3  | Noticed an ancient lich
 52665 | Crypt:3  | Noticed an ancient lich
 52680 | Crypt:3  | Killed an ancient lich
 52689 | Crypt:3  | Killed an ancient lich
 52703 | Crypt:3  | Identified the Volume of Ignition
 52774 | Crypt:3  | Got a crystal quick blade
 52783 | Crypt:3  | Identified the cursed +3 quick blade "Ogrebane" {freeze, -Tele rElec rPois Str+5} (You found it on level 3 of the Crypt)
 52896 | Crypt:3  | Found an ancient bone altar of Kikubaaqudgha.
 53125 | Crypt:3  | Found a staircase to the Tomb.
 53930 | Vaults:5 | Reached skill level 15 in Dodging
 53934 | Vaults:5 | Reached skill level 15 in Spellcasting
 53946 | Vaults:5 | Reached XP level 26. HP: 156/156 MP: 43/43
 53961 | Vaults:5 | Noticed an ancient lich
 53966 | Vaults:5 | Killed an ancient lich
 54581 | Vaults:5 | Got a fine rapier
 54592 | Vaults:5 | Got a faintly glowing battleaxe
 54597 | Vaults:5 | Identified the +3 rapier of Ruxogh {holy, rF++ Dex+2} (You found it on level 5 of the Vaults)
 54658 | Vaults:5 | Got a translucent silver ring
 54661 | Vaults:5 | Identified the ring of Secrets {MR+ Int+4 Dex+4} (You found it on level 5 of the Vaults)
 54720 | Vaults:5 | Noticed an ancient lich
 54733 | Vaults:5 | Killed an ancient lich
 54806 | Vaults:5 | Noticed an ancient lich
 54819 | Vaults:5 | Reached skill level 1 in Evocations
 54829 | Vaults:5 | Killed an ancient lich
 54900 | Vaults:5 | Got a silver rune of Zot
 54904 | Vaults:5 | Reached XP level 27. HP: 163/163 MP: 43/43
 55141 | Vaults:5 | Got a bloodstained scimitar
 55142 | Vaults:5 | Identified the cursed +0 scimitar of the King {flame, Dex+2} (You found it on level 5 of the Vaults)
 55621 | Vaults:5 | Got a warped arbalest {penet}
 55932 | Lair:2   | Learned a level 5 spell: Metabolic Englaciation
 55997 | Shoals:1 | Entered Level 1 of the Shoals
 56355 | Shoals:1 | Got a vibrating glass ring
 56370 | Shoals:1 | Identified the ring "Jerobiop" {MP+9 Dex+2} (You found it on level 1 of the Shoals)
 56402 | Shoals:1 | Got a sparkling pewter amulet
 56403 | Shoals:1 | Identified the amulet "Holaurch" {RegenMP +Fly Dex+2} (You acquired it on level 1 of the Shoals)
 56721 | Shoals:2 | Found Miazegh's Antique Armour Boutique.
 56826 | Shoals:2 | Found Xihol's Weapon Emporium.
 56837 | Shoals:2 | Found Icerud's Armour Shoppe.
 56848 | Shoals:2 | Found Seomuth's Magic Scroll Shoppe.
 56876 | Shoals:2 | Bought a scroll of magic mapping for 42 gold pieces
 56876 | Shoals:2 | Bought a scroll of identify for 24 gold pieces
 56876 | Shoals:2 | Bought a scroll of identify for 24 gold pieces
 56876 | Shoals:2 | Bought a scroll of identify for 24 gold pieces
 56970 | Shoals:2 | Found a basalt altar of Yredelemnul.
 57401 | Shoals:3 | Noticed Polyphemus
 57414 | Shoals:3 | Killed Polyphemus
 57803 | Shoals:4 | Entered Level 4 of the Shoals
 57803 | Shoals:4 | Noticed Ilsuiw
 57828 | Shoals:4 | Killed Ilsuiw
 58051 | Shoals:4 | Got a barnacled rune of Zot
 58281 | Shoals:4 | Learned a level 6 spell: Darkness
 58285 | Shoals:4 | Learned a level 2 spell: Swiftness
 58365 | Shoals:4 | Got a smoking hunting sling
 58699 | Lair:2   | Identified the cursed +1 hunting sling "Killer Bee's Death" {freeze, -Tele +Fly rC+++ Str-5} (You took it off a merfolk siren on level 4 of the Shoals)
 59124 | Tomb:1   | Entered Level 1 of the Tomb of the Ancients
 59503 | Tomb:1   | Noticed Name63's ghost (legendary GnNe)
 59515 | Tomb:1   | Killed Name63's ghost
 59515 | Tomb:1   | Reached skill level 5 in Evocations
 59674 | Tomb:1   | Noticed a greater mummy
 59684 | Tomb:1   | Noticed a greater mummy
 59685 | Tomb:1   | Killed a greater mummy
 59702 | Tomb:1   | Killed a greater mummy
 59842 | Tomb:1   | Got an iridescent glaive
 59958 | Tomb:2   | Noticed a greater mummy
 59962 | Tomb:2   | Noticed a greater mummy
 59969 | Tomb:2   | Killed a greater mummy
 59971 | Tomb:2   | Noticed a greater mummy
 59971 | Tomb:2   | Noticed a greater mummy
 59974 | Tomb:2   | Killed a greater mummy
 59980 | Tomb:2   | Killed a greater mummy
 59986 | Tomb:2   | Killed a greater mummy
 60275 | Tomb:1   | Noticed a greater mummy
 60275 | Tomb:1   | Noticed a greater mummy
 60279 | Tomb:1   | Noticed a greater mummy
 60285 | Tomb:1   | Killed a greater mummy
 60285 | Tomb:1   | Killed a greater mummy
 60286 | Tomb:1   | Noticed a greater mummy
 60292 | Tomb:1   | Killed a greater mummy
 60297 | Tomb:1   | Killed a greater mummy
 60375 | Tomb:1   | Noticed a greater mummy
 60386 | Tomb:1   | Killed a greater mummy
 60549 | Tomb:1   | Noticed a greater mummy
 60559 | Tomb:1   | Killed a greater mummy
 60589 | Tomb:1   | Noticed a greater mummy
 60595 | Tomb:1   | Killed a greater mummy
 60595 | Tomb:1   | Noticed a greater mummy
 60619 | Tomb:1   | Killed a greater mummy
 60634 | Tomb:1   | Noticed a greater mummy
 60640 | Tomb:1   | Killed a greater mummy
 60675 | Tomb:1   | Noticed a greater mummy
 60682 | Tomb:1   | Killed a greater mummy
 60716 | Tomb:1   | Noticed a greater mummy
 60718 | Tomb:1   | Killed a greater mummy
 60727 | Tomb:1   | Noticed a greater mummy
 60729 | Tomb:1   | Killed a greater mummy
 60868 | Tomb:3   | Entered Level 3 of the Tomb of the Ancients
 60941 | Tomb:3   | Noticed a greater mummy
 60950 | Tomb:3   | Noticed a greater mummy
 60950 | Tomb:3   | Noticed a greater mummy
 60962 | Tomb:3   | Killed a greater mummy
 60970 | Tomb:3   | Killed a greater mummy
 60972 | Tomb:3   | Noticed a greater mummy
 60973 | Tomb:3   | Noticed a greater mummy
 60977 | Tomb:3   | Killed a greater mummy
 60977 | Tomb:3   | Noticed Khufu
 60977 | Tomb:3   | Noticed a greater mummy
 60982 | Tomb:3   | Killed a greater mummy
 60988 | Tomb:3   | Killed a greater mummy
 60988 | Tomb:3   | Noticed a greater mummy
 60996 | Tomb:3   | Noticed an ancient lich
 61005 | Tomb:3   | Killed an ancient lich
 61034 | Tomb:3   | Got a golden rune of Zot
 61127 | Tomb:3   | Killed a greater mummy
 61134 | Tomb:3   | Killed a greater mummy
 61138 | Tomb:3   | Killed Khufu
 61187 | Tomb:3   | Got a scintillating steel amulet
 61202 | Tomb:3   | Got an ancient granite ring
 61204 | Tomb:3   | Got a coiled platinum ring
 61206 | Tomb:3   | Identified the amulet of Zyijeo {+Fly rN+ MR+ Regen+} (You found it on level 3 of the Tomb of the Ancients)
 61218 | Tomb:3   | Got a distressingly furry scale mail
 61219 | Tomb:3   | Identified the ring "Piceareg" {rC+ EV+1 Str-3 Int+4 Dex+2} (You found it on level 3 of the Tomb of the Ancients)
 61221 | Tomb:3   | Identified the ring "Pous" {Ice *Drain rN+ Dex+5} (You found it on level 3 of the Tomb of the Ancients)
 61238 | Tomb:3   | Got a heavy robe
 61250 | Tomb:3   | Got a pitted plate armour
 61256 | Tomb:3   | Identified the cursed +0 robe of the Curious Tables {Slay+6 SInv} (You found it on level 3 of the Tomb of the Ancients)
 61259 | Tomb:3   | Got a dazzling falchion
 61281 | Tomb:3   | Identified the +3 falchion of Wu Jian's Favour {slice, rF- Str+8 Dex+4 Stlth+} (You found it on level 3 of the Tomb of the Ancients)
 62394 | Hell     | Entered the Vestibule of Hell
 62394 | Hell     | Noticed Geryon
 62431 | Hell     | Killed Geryon
 62447 | Hell     | Noticed Murray
 62611 | Depths:2 | Killed Murray
 62896 | Hell     | Found a gateway to the decaying netherworld of Tartarus.
 62961 | Hell     | Found a gateway to the ashen valley of Gehenna.
 63035 | Hell     | Found a gateway to the Iron City of Dis.
 63060 | Hell     | Found a gateway to the freezing wastes of Cocytus.
 63118 | Geh:1    | Entered Level 1 of Gehenna
 63649 | Geh:7    | Entered Level 7 of Gehenna
 63843 | Geh:7    | Reached skill level 10 in Evocations
 65062 | Geh:7    | Noticed Asmodeus
 65093 | Geh:7    | Killed Asmodeus
 65128 | Geh:7    | Got an obsidian rune of Zot
 65141 | Geh:7    | Identified a +2 pair of boots of running (You found it on level 7 of Gehenna)
 65314 | Dis:1    | Entered Level 1 of the Iron City of Dis
 66504 | Dis:7    | Entered Level 7 of the Iron City of Dis
 67062 | Dis:7    | Got a steaming brass amulet
 67063 | Dis:7    | Got a crystal hunting sling {freeze}
 67063 | Dis:7    | Got a steaming dagger {pierce}
 67066 | Dis:7    | Identified the +6 dagger of Menoshrao {pierce, rPois Str+4 Int-4} (You took it off a skeletal warrior on level 7 of the Iron City of Dis)
 67178 | Dis:7    | Got a warped golden amulet
 67194 | Dis:7    | Identified the amulet of Darkness {Spirit rPois rC+ MR+ Str+3} (You took it off an iron imp on level 7 of the Iron City of Dis)
 67195 | Dis:7    | Identified the amulet "Rishum" {Harm *Drain Stlth+} (You found it on level 7 of the Iron City of Dis)
 67797 | Dis:7    | Noticed the Serpent of Hell
 67865 | Dis:7    | Killed the Serpent of Hell
 68263 | Dis:7    | Noticed Dispater
 68267 | Dis:7    | Killed Dispater
 68276 | Dis:7    | Found the +7 great mace "Firestarter" {inner flame, rF++}
 68293 | Dis:7    | Got an iron rune of Zot
 68301 | Dis:7    | Got a sparkling jade ring
 68303 | Dis:7    | Identified Wuile's Incunabulum of Lucky Confrontation
 68332 | Dis:7    | Identified the ring "Aqynaevo" {rPois Dex+2} (You found it on level 7 of the Iron City of Dis)
 69198 | Tar:1    | Entered Level 1 of Tartarus
 70210 | Tar:7    | Entered Level 7 of Tartarus
 71155 | Tar:7    | Identified the Papyrus of Dark Rituals and the Birds
 71304 | Tar:7    | Noticed Ereshkigal
 71321 | Tar:7    | Killed Ereshkigal
 71349 | Tar:7    | Identified the Tome of Confrontation
 71359 | Tar:7    | Got a bone rune of Zot
 71740 | Tar:7    | Got a flickering ivory ring
 71744 | Tar:7    | Identified the ring of Citsiuss {Int+2 Dex+3} (You found it on level 7 of Tartarus)
 71890 | Coc:1    | Entered Level 1 of Cocytus
 72176 | Coc:7    | Entered Level 7 of Cocytus
 72505 | Coc:7    | Noticed Antaeus
 72588 | Coc:7    | Killed Antaeus
 72588 | Coc:7    | Reached skill level 15 in Shields
 72673 | Coc:7    | Got an icy rune of Zot
 73092 | Coc:7    | Identified Sif Muna's Reference Book on Weightlessness and Transmigration
 73096 | Coc:7    | Got a steaming diamond amulet
 73097 | Coc:7    | Identified the amulet "Exiet" {Regen+ Dex+5} (You found it on level 7 of Cocytus)
 73101 | Coc:7    | Identified the Compendium of Spatial Air
 73104 | Coc:7    | Got a polished dagger
 73510 | Lair:2   | Identified the +3 dagger "Kiuwiwum" {pierce, rElec} (You found it on level 7 of Cocytus)
 73874 | Pan      | Entered Pandemonium
 73915 | Pan      | Entered the realm of Cerebov.
 74124 | Pan      | Got a steaming leather armour
 74151 | Pan      | Identified Sif Muna's Compendium of Snow and the Escort
 74160 | Pan      | Got a pair of pitted boots
 74168 | Pan      | Identified the cursed +0 pair of boots of Wonder {Int+2} (You found it in Pandemonium)
 74182 | Pan      | Got a translucent arbalest
 74189 | Pan      | Got a faintly glowing rapier
 74207 | Pan      | Got an encrusted plate armour
 74210 | Pan      | Got a heavily runed chain mail
 74218 | Pan      | Got a brightly glowing great sword
 74542 | Pan      | Got an iridescent hand axe
 74833 | Pan      | Noticed Cerebov
 74856 | Pan      | Killed Cerebov
 74874 | Pan      | Got a fiery rune of Zot
 75304 | Pan      | Noticed Weetao the pandemonium lord
 75345 | Pan      | Killed Weetao the pandemonium lord
 75759 | Pan      | Got a polished leather armour
 75760 | Pan      | Identified the +6 rapier "Qiesacy" {chaos, rElec rF+ Str+4} (You found it in Pandemonium)
 75929 | Pan      | Found an exit through the horrors of the Abyss.
 75937 | Pan      | Identified the Incunabulum of the Floating Voyage
 75941 | Pan      | Took an exit into the Abyss.
 75941 | Abyss:1  | Escaped into the Abyss
 75942 | Abyss:1  | Found a corrupted altar of Lugonu.
 75975 | Abyss:3  | Identified the +4 great sword of Blind Justice {venom, MR+ Dex+3} (You found it in Pandemonium)
 75977 | Abyss:3  | Identified the +8 arbalest of Desperation {elec, rElec rC- Str+2 Int+6} (You found it in Pandemonium)
 76150 | Abyss:3  | Found a blossoming altar of Fedhas.
 76245 | Abyss:3  | Found a corrupted altar of Lugonu.
 76345 | Abyss:3  | Found an ancient bone altar of Kikubaaqudgha.
 76691 | Abyss:5  | Entered Level 5 of the Abyss
 76719 | Abyss:5  | Found a shattered altar of Ashenzari.
 76826 | Abyss:5  | Got an abyssal rune of Zot
 76903 | Depths:3 | Escaped the Abyss
 77238 | Lair:2   | Identified the cursed +1 leather armour of the Realm of Zot {rN+ MR- Str+6} (You found it in Pandemonium)
 77249 | Lair:2   | Identified the +3 leather armour "Gueddi" {rN+} (You found it in Pandemonium)
 77259 | Lair:2   | Identified the +1 chain mail "Nuniesei" {rElec} (You found it in Pandemonium)
 77547 | Zig:1    | Entered Level 1 of a ziggurat
 77563 | Zig:2    | Entered Level 2 of a ziggurat
 77571 | Zig:2    | Got a bone falchion
 77592 | Zig:3    | Entered Level 3 of a ziggurat
 77621 | Zig:4    | Entered Level 4 of a ziggurat
 77621 | Zig:4    | Noticed Bashrypu the pandemonium lord
 77625 | Zig:4    | Killed Bashrypu the pandemonium lord
 77631 | Zig:4    | Got an ichor-stained hand crossbow
 77643 | Zig:5    | Entered Level 5 of a ziggurat
 77702 | Zig:5    | Identified the +4 falchion of Vogeoh {vamp, Fragile rPois rC+} (You found it on level 2 of a ziggurat)
 77703 | Zig:5    | Identified the +9 hand crossbow "Oczado" {elec, MP+9} (You found it on level 4 of a ziggurat)
 77710 | Zig:6    | Entered Level 6 of a ziggurat
 77750 | Zig:7    | Entered Level 7 of a ziggurat
 77806 | Zig:7    | Got a fine spear
 77812 | Zig:7    | Got a steaming plate armour
 77817 | Zig:7    | Got an ichor-stained spear
 77829 | Zig:7    | Identified the +8 spear "Embalmer" {pain, rN+ MP+9 Str+3} (You found it on level 7 of a ziggurat)
 77830 | Zig:7    | Identified the +8 spear of Makhleb's Envy {protect, +Rage} (You found it on level 7 of a ziggurat)
 77833 | Zig:7    | Identified the +0 plate armour of Parlour Games {*Slow Dex+3 Slay+6} (You found it on level 7 of a ziggurat)
 77837 | Zig:8    | Entered Level 8 of a ziggurat
 77876 | Zig:8    | Got a faintly glowing robe
 77900 | Zig:8    | Identified the Compendium of Enhancements and Shape Shifting
 77904 | Zig:8    | Identified the cursed +0 robe of Diqemih {+Fly rC- rCorr Int+5} (You found it on level 8 of a ziggurat)
 77909 | Zig:9    | Entered Level 9 of a ziggurat
 77916 | Zig:9    | Noticed an ancient lich
 77938 | Zig:9    | Killed an ancient lich
 77939 | Zig:9    | Reached skill level 15 in Evocations
 77967 | Zig:9    | Got jewelled fire dragon scales
 78001 | Zig:10   | Entered Level 10 of a ziggurat
 78091 | Zig:10   | Got an encrusted great mace
 78126 | Zig:10   | Identified the +6 fire dragon scales "Luisuhoba" {+Blink rF++ rC- rN+ Str-3} (You found it on level 9 of a ziggurat)
 78152 | Zig:11   | Entered Level 11 of a ziggurat
 78254 | Zig:11   | Got a fine shortbow
 78272 | Zig:11   | Identified the +2 shortbow "Sifeinocs" {speed, rElec rF+ rN+ Stlth-} (You found it on level 11 of a ziggurat)
 78277 | Zig:12   | Entered Level 12 of a ziggurat
 78305 | Zig:12   | Noticed an ancient lich
 78317 | Zig:12   | Killed an ancient lich
 78368 | Zig:12   | Identified the Handbook of Contamination and Enhancements
 78377 | Zig:12   | Identified the Handbook of the Frostbite and Boosts
 78398 | Zig:13   | Entered Level 13 of a ziggurat
 78452 | Zig:13   | Reached skill level 5 in Translocations
 78514 | Zig:13   | Identified the Almanac of Beguiling
 78526 | Zig:13   | Identified the cursed +3 great mace "Uvauboan" {crush, rN+ Int+2} (You found it on level 10 of a ziggurat)
 78535 | Zig:14   | Entered Level 14 of a ziggurat
 78562 | Zig:14   | Noticed Rasaudu the pandemonium lord
 78588 | Zig:14   | Killed Rasaudu the pandemonium lord
 78591 | Zig:14   | HP: 8/177 [Hell Sentinel/damnation (21)]
 78592 | Zig:14   | Mangled by an infernal warmonger

Skill      XL: |  1  2  3  4  5  6  7  8  9 10 11 12 13 14 15 16 17 18 19 20 21 22 23 24 25 26 27 |
---------------+----------------------------------------------------------------------------------+-----
Stealth        | 5 6 7 8 11 13 14 16 17 18 19 20 21 22 23 24 26 27 | 27.0
Fighting       | 2 3 4 6 7 8 9 10 11 12 13 14 15 16 21 | 21.8
Short Blades   | 2 3 4 5 6 7 8 9 10 11 12 13 14 15 16 17 18 19 25 | 25.3
Dodging        | 1 2 3 5 6 7 8 9 10 11 12 13 14 15 16 23 | 23.6
Spellcasting   | 3 5 6 8 9 10 11 12 13 14 15 22 | 22.1
Necromancy     | 2 |  2.5
Charms         | 1 2 4 |  4.6
Hexes          | 3 4 5 6 8 10 11 12 13 14 | 14.0
Shields        | 1 4 5 8 10 11 13 16 | 16.4
Conjurations   | 1 2 |  2.0
Translocations | 1 2 5 |  5.4
Unarmed Combat | 2 |  2.0
Poison Magic   | 2 |  2.4
Armour         | 1 |  1.1
Evocations     | 2 15 | 15.4
Throwing       | |  1.7

Action                   |  1- 3 |  4- 6 |  7- 9 | 10-12 | 13-15 | 16-18 | 19-21 | 22-24 | 25-27 || total
-------------------------+-------+-------+-------+-------+-------+-------+-------+-------+-------++-------
Melee: Dagger            |   110 |    75 |   272 |   614 |  1263 |  1447 |   438 |       |       ||  4219
       Bite              |    26 |    17 |    81 |   271 |   522 |   705 |   836 |  1189 |  6234 ||  9881
       Blowgun           |       |       |       |     1 |       |       |       |       |       ||     1
       Scimitar          |       |       |       |       |    13 |       |       |       |       ||    13
       Unarmed           |       |       |       |       |       |    96 |    57 |       |       ||   153
       Short sword       |       |       |       |       |       |       |   961 |  1819 |  7027 ||  9807
       Rapier            |       |       |       |       |       |       |       |       |  4114 ||  4114
 Fire: Blowgun           |     4 |    16 |    27 |    49 |     2 |    27 |     2 |     4 |     3 ||   134
Throw: Stone             |       |       |    22 |       |       |       |       |       |       ||    22
       Throwing net      |       |       |       |       |       |       |       |       |    11 ||    11
 Cast: Animate Skeleton  |       |       |       |     2 |       |       |       |       |       ||     2
       Vampiric Draining |       |       |       |       |     7 |       |       |       |       ||     7
       Dazzling Spray    |       |       |       |       |    18 |    45 |     3 |     3 |    76 ||   145
       Apportation       |       |       |       |       |       |    12 |    13 |       |    16 ||    41
       Confusing Touch   |       |       |       |       |       |    40 |    19 |       |       ||    59
       Mephitic Cloud    |       |       |       |       |       |     4 |       |       |       ||     4
       Portal Projectile |       |       |       |       |       |     5 |       |     1 |     3 ||     9
       Blink             |       |       |       |       |       |     1 |     1 |       |     5 ||     7
       Cause Fear        |       |       |       |       |       |       |     1 |       |       ||     1
       Regeneration      |       |       |       |       |       |       |     2 |     2 |    89 ||    93
       Confuse           |       |       |       |       |       |       |     1 |     1 |    53 ||    55
       Darkness          |       |       |       |       |       |       |       |       |    20 ||    20
       Metabolic Englaci |       |       |       |       |       |       |       |       |     4 ||     4
       Invisibility      |       |       |       |       |       |       |       |       |     3 ||     3
       Silence           |       |       |       |       |       |       |       |       |     1 ||     1
Invok: Lunge             |       |       |    13 |    96 |   191 |   171 |   166 |   157 |   929 ||  1723
       Whirlwind         |       |       |       |   146 |   275 |   364 |   281 |   268 |  3140 ||  4474
       Wall Jump         |       |       |       |     2 |    17 |    19 |     8 |     7 |   151 ||   204
       Heavenly Storm    |       |       |       |       |     1 |     2 |     1 |     1 |    10 ||    15
       Serpent's Lash    |       |       |       |       |     1 |       |     5 |     1 |    12 ||    19
 Abil: Evoke Fog         |       |       |       |       |       |       |       |       |    19 ||    19
       Evoke Flight      |       |       |       |       |       |       |       |       |    44 ||    44
       Stop Flying       |       |       |       |       |       |       |       |       |     9 ||     9
Evoke: Wand              |       |     3 |     3 |    16 |    39 |    13 |    10 |       |    18 ||   102
       Lightning rod     |       |       |       |       |    11 |     2 |       |       |       ||    13
       Lamp of fire      |       |       |       |       |     2 |     3 |     1 |       |       ||     6
       Phial of floods   |       |       |       |       |     2 |     1 |     1 |       |       ||     4
  Use: Scroll            |     5 |     5 |     4 |    19 |    23 |    16 |    15 |     7 |    62 ||   156
       Potion            |       |     1 |       |     4 |     3 |     9 |     3 |     4 |    31 ||    55
 Stab: Sleeping          |    16 |    10 |    18 |    30 |    80 |    75 |   114 |    51 |   299 ||   693
       Distracted        |       |     1 |     2 |     7 |    22 |    22 |    11 |    22 |   136 ||   223
       Invisible         |       |       |       |     4 |     3 |    13 |       |       |    23 ||    43
       Paralysed         |       |       |       |       |     3 |     2 |       |       |       ||     5
       Fleeing           |       |       |       |       |     1 |       |       |       |       ||     1
       Confused          |       |       |       |       |       |    34 |    17 |     1 |    38 ||    90
       Held in net/web   |       |       |       |       |       |     1 |       |       |    14 ||    15
  Eat: Chunk             |     3 |     4 |     6 |    13 |    20 |    18 |     8 |    16 |    27 ||   115
       Ration            |       |       |     2 |     1 |     5 |     5 |     6 |     6 |    31 ||    56
Armor: Robe              |    16 |     6 |    18 |    43 |       |     1 |       |       |       ||    84
       Troll leather arm |       |       |       |    59 |   137 |    17 |       |       |       ||   213
       Ring mail         |       |       |       |       |       |   243 |     1 |       |       ||   244
       Acid dragon scale |       |       |       |       |       |       |   147 |    93 |   472 ||   712
Dodge: Dodged            |    45 |    30 |   147 |   293 |   408 |   577 |   340 |   373 |  2854 ||  5067
Block: Other             |       |       |       |       |    50 |       |       |       |       ||    50
       Reflection        |       |       |       |       |     5 |    16 |    20 |    24 |    64 ||   129
       Buckler           |       |       |       |       |    42 |   456 |   263 |    42 |       ||   803
       Shield            |       |       |       |       |       |       |       |   407 |  2801 ||  3208
       Rpst.: Scimitar   |       |       |       |       |     1 |       |       |       |       ||     1
